 Dungeon Crawl Stone Soup version 0.32-a0-40-g2adb59ae06 (webtiles) character file.

Game seed: 18102003940459558513

1041 grandjackal the Trooper (level 8, -1/65 HPs)
             Began as a Demonspawn Gladiator on Jan 18, 2024.
             Killed by nerve-wracking pain
             ... invoked by Menkaure
              (13 damage)
             ... on level 5 of the Dungeon on Jan 25, 2024.
             The game lasted 00:05:54 (3923 turns).

grandjackal the Trooper (Demonspawn Gladiator)      Turns: 3923, Time: 00:05:55

Health: -1/65      AC: 12    Str: 14 (15) XL:     8   Next: 4%
Magic:  8/8        EV: 16    Int:  9 (12) God:
Gold:   155        SH:  0    Dex: 16      Spells: 7/7 levels left

rFire   . . .        a - +0 long sword
rCold   + . .        (no shield)
rNeg    . . .        g - +0 ring mail
rPois   +            c - +0 helmet
rElec   .            (no cloak)
rCorr   .            w - +0 pair of gloves
SInv    .            r - +0 pair of boots
Will    .....        (no amulet)
Stlth   +            i - +5 ring of evasion
HPRegen 0.30/turn    v - ring "Jonalo" {rPois Int+3}
MPRegen 0.11/turn

%: no passive effects
@: no status effects
A: icy blue scales 3
a: no special abilities


You were on level 5 of the Dungeon.
You visited 2 branches of the dungeon, and saw 6 of its levels.

You collected 155 gold pieces.

Inventory:

Hand Weapons
 a - a +0 long sword (weapon)
 D - a +0 rapier
Missiles
 d - 3 throwing nets (quivered)
 e - a javelin
Armour
 c - a +0 helmet (worn)
 g - a +0 ring mail (worn)
 r - a +0 pair of boots (worn)
 w - a +0 pair of gloves (worn)
Jewellery
 f - a ring of wizardry
 i - a +5 ring of evasion (left hand)
 p - a ring of flight
 v - the ring "Jonalo" (right hand) {rPois Int+3}
   (You found it on level 3 of the Dungeon)

   [ring of poison resistance]

   Int+3:     It affects your intelligence (+3).
   rPois:     It protects you from poison
Wands
 z - a wand of charming (6)
 E - a wand of roots (8)
Scrolls
 h - 7 scrolls of identify {unknown}
 l - 2 scrolls of noise {unknown}
 m - a scroll of fog {unknown}
 q - a scroll of blinking {unknown}
 s - 3 scrolls of teleportation {unknown}
 t - a scroll of torment {unknown}
 u - a scroll of enchant weapon {unknown}
 y - 3 scrolls of fear {unknown}
 B - a scroll of enchant armour {unknown}
Potions
 b - a potion of enlightenment
 j - a potion of cancellation
 k - a potion of resistance {unknown}
 n - a potion of heal wounds
 o - 2 potions of brilliance
 x - a potion of invisibility {unknown}
 A - a potion of lignification {unknown}


   Skills:
 + Level 6.7 Fighting
 + Level 6.5 Long Blades
 - Level 2.0 Throwing
 - Level 3.0 Dodging


You had 7 spell levels left.
You didn't know any spells.
Your spell library contained the following spells:

 Spells                   Type           Power      Damage    Failure   Level
 Sting                    Conj/Alch      0%         1d3       63%         1
 Mercury Vapours          Alch/Air       0%         N/A       77%         2
 Olgreb's Toxic Radiance  Alch           0%         N/A       100%        4


Dungeon Overview and Level Annotations

Branches:
Dungeon (5/15)             Temple (1/1) D:4

Altars:
Ashenzari
Cheibriados
Fedhas
Gozag
Hepliaklqana
Kikubaaqudgha
Makhleb
Nemelex Xobeh
Qazlal
Ru
Sif Muna
Uskayaw
Vehumet
Wu Jian
Yredelemnul

Shops:
D:5 :

Annotations:
D:5 Menkaure


Innate Abilities, Weirdness & Mutations

You are completely covered in icy blue scales. (AC +4, rC+)


Message History

You feel stronger.
You start resting.
You are no longer corroded.
You start resting.
HP restored.
Found a dagger.
You see here a +0 dagger.
You open the door. You open the door.
There is an open door here.
You open the door.
There is an open door here.
Menkaure, Prince of Dust comes into view.
Found a sacrificial altar of Ru.
Menkaure shouts!
Menkaure hits you!
You barely miss Menkaure. Menkaure hits you!
You slash Menkaure!
Menkaure is moderately damaged.
Menkaure calls on the powers of darkness!
Your body is wracked with pain!
You are too injured to fight recklessly!
You are too injured to fight recklessly!
You hit Menkaure.
Menkaure is moderately damaged.
You hit Menkaure but do no damage.
Menkaure is moderately damaged.
Menkaure gestures wildly while chanting.
Menkaure seems to speed up.
You hit Menkaure but do no damage.
Menkaure is moderately damaged.
Menkaure calls on the powers of darkness!
Your body is wracked with pain!
* * * LOW HITPOINT WARNING * * *
You hit Menkaure.
Menkaure is heavily damaged.
Menkaure closely misses you. Menkaure casts a spell at you.
Pain shoots through your body!
You die...

......+ ..#... ......# #.....
...#.. #..#.. ......# #.....
.#..#. .#.[#. ......+
#.....#+...... ...... ......#
#...........# ###.<.
......#####.#........# #...
#....................+ +...
####..### #.P.M.P...# #...
#.......# #....@..# #...
#.......# ######.## ####
#......)#########.#
#.>.....'.........# #####
#.......####.############# #....
'.......+................####....
#.......##............#..........
#####.......).........#..........
#.................#..........


You could see Menkaure (fast).

Vanquished Creatures
  Eustachio (D:4)
  Edmund (D:5)
  A scorpion (D:5)
  A jelly (D:5)
  2 howler monkeys (D:5)
  3 bombardier beetles
  2 hounds (D:5)
  3 orc priests
  A sleepcap (D:5)
  2 iguanas (D:5)
  2 orc wizards (D:3)
  Robin (D:1)
  4 gnolls
  9 adders
  3 dart slugs
  3 ribbon worms
  8 orcs
  3 ball pythons
  8 endoplasms
  11 goblins
  8 hobgoblins
  5 jackals (D:3)
  2 quokkas
  A bat (D:3)
  2 frilled lizards
  7 kobolds
  7 rats
101 creatures vanquished.

Vanquished Creatures (others)
  An orc (D:3)
1 creature vanquished.

Grand Total: 102 creatures vanquished

Notes
Turn   | Place    | Note
-------+----------+-------------------------------------------
     0 | D:1      | grandjackal the Demonspawn Gladiator began the quest for
                  | the Orb.
     0 | D:1      | Reached XP level 1. HP: 16/16 MP: 1/1
   173 | D:1      | Gained mutation: You are partially covered in icy blue
                  | scales. (AC +2) [demonic ancestry]
   173 | D:1      | Reached XP level 2. HP: 13/22 MP: 2/2
   274 | D:1      | Found a faded altar of an unknown god.
   797 | D:2      | Gained mutation: You are mostly covered in icy blue scales.
                  | (AC +3) [demonic ancestry]
   797 | D:2      | Reached XP level 3. HP: 27/28 MP: 3/3
   916 | D:2      | Noticed Robin
   952 | D:1      | Killed Robin
  1041 | D:2      | Found a stormy altar of Qazlal.
  1051 | D:2      | Gained mutation: You are completely covered in icy blue
                  | scales. (AC +4, rC+) [demonic ancestry]
  1051 | D:2      | Reached XP level 4. HP: 32/35 MP: 4/4
  1356 | D:2      | Upgraded the game from 0.32-a0-20-ge526923d97 to
                  | 0.32-a0-40-g2adb59ae06
  1739 | D:3      | Identified the ring "Jonalo" {rPois Int+3}
  2378 | D:3      | Reached XP level 5. HP: 27/42 MP: 5/5
  2650 | D:3      | Reached XP level 6. HP: 37/49 MP: 6/6
  2801 | D:4      | Found a staircase to the Ecumenical Temple.
  2842 | Temple   | Entered the Ecumenical Temple
  3184 | D:4      | Noticed Eustachio
  3198 | D:4      | Killed Eustachio
  3199 | D:4      | Reached skill level 5 in Fighting
  3199 | D:4      | Reached skill level 5 in Long Blades
  3246 | D:4      | Found a sparkling altar of Nemelex Xobeh.
  3301 | D:5      | Entered Level 5 of the Dungeon
  3301 | D:5      | Found Owkur's Book Shoppe.
  3335 | D:5      | Reached XP level 7. HP: 53/56 MP: 7/7
  3479 | D:5      | Noticed Edmund
  3493 | D:5      | Killed Edmund
  3760 | D:5      | Reached XP level 8. HP: 38/65 MP: 8/8
  3915 | D:5      | Found a sacrificial altar of Ru.
  3915 | D:5      | Noticed Menkaure
  3923 | D:5      | Killed from afar by Menkaure

Illustrated notes

Levels and vault maps discovered:
D:1:      kennysheep_arrival_forest, layout_basic, shapermc_ecumenical_altar_gd
D:2:      layout_rooms, basic_altar, uniq_robin
D:3:      layout_loops_corners, nicolae_concentric_dashed_squares_wild
D:4:      layout_rooms, nemelex_dance_club_becter, minmay_temple_entry_grid,
          uniq_eustachio
D:5:      layout_basic, mainiacjoe_overflow_tiny_flanked, serial_shops, shop,
          minmay_misc_feat_diagonals, uniq_edmund, uniq_menkaure
Temple:   nicolae_temple_god_jail

Skill      XL: |  1  2  3  4  5  6  7 |
---------------+----------------------+-----
Throwing       | 2 |  2.0
Long Blades    | 3 4 5 6 |  6.5
Dodging        | 3 |  3.0
Fighting       | 3 4 5 6 |  6.7

Action                     |  1- 3 |  4- 6 |  7- 9 || total
---------------------------+-------+-------+-------++-------
  Melee: Long sword        |    99 |   196 |    82 ||   377
         Punch             |     1 |     2 |     1 ||     4
  Throw: Throwing net      |     1 |       |       ||     1
    Use: Potion            |       |       |     7 ||     7
   Stab: Held in net/web   |     1 |       |       ||     1
         Distracted        |       |       |     1 ||     1
 Armour: Ring mail         |    57 |   104 |    33 ||   194
  Dodge: Dodged            |    81 |   178 |    55 ||   314

Table legend: (Time is in decaauts)
 A = Elapsed time spent in this place.
 B = Non-inter-level travel time spent in this place.
 C = Inter-level travel time spent in this place.
 D = Time resting spent in this place.
 E = Time spent auto-exploring this place.
 F = Levels seen in this place.
 G = Mean time per level.
                   A        B        C        D        E       F      G
               +--------+--------+--------+--------+--------+-----+--------+
         Total |   4000 |   3862 |    138 |    506 |   2390 |   6 |  666.7 |
       Dungeon |   3979 |   3841 |    138 |    506 |   2370 |   5 |  795.8 |
        Temple |     21 |     21 |      0 |      0 |     20 |   1 |   21.0 |
               +--------+--------+--------+--------+--------+-----+--------+

Top non-repeatable levels by time:
     D:3: 1308 daAuts
     D:1: 863 daAuts
     D:5: 631 daAuts
     D:4: 607 daAuts
     D:2: 568 daAuts
  Temple: 21 daAuts
